 Dungeon Crawl Stone Soup version 0.28.0-43-g3370ac3207 (webtiles) character file.

Game seed: 3365570118932186646

548 pkoi the Insei (level 6, -1/48 HPs)
             Began as a Demigod Gladiator on Mar 29, 2022.
             Slain by an ice beast (2 damage)
             ... on level 5 of the Dungeon.
             The game lasted 00:07:01 (6016 turns).

pkoi the Insei (Demigod Gladiator)                  Turns: 6016, Time: 00:07:01

Health: -1/48      AC:  5    Str: 19    XL:     6   Next: 79%
Magic:  8/8        EV: 13    Int: 10    God:
Gold:   159        SH:  0    Dex: 19    Spells: 3/5 levels left

rFire   . . .      SeeInvis .     - Unarmed
rCold   . . .      Faith    .   (no shield)
rNeg    . . .      Spirit   .   a - +0 leather armour
rPois   .          Reflect  .   b - +0 helmet
rElec   .          Harm     .   k - +0 cloak
rCorr   .          Rampage  .   (no gloves)
Will    .....                   (no boots)
Stlth   +.........              i - amulet of magic regeneration
HPRegen 0.16/turn               (no ring)
MPRegen 0.51/turn               (no ring)

@: no status effects
A: high MP 1, forlorn, divine attributes
a: no special abilities


You were on level 5 of the Dungeon.
You visited 1 branch of the dungeon, and saw 5 of its levels.
You also visited: Ossuary.

You collected 159 gold pieces.

Inventory:

Hand Weapons
 f - a +0 vorpal whip
 q - a +1 whip of freezing
Missiles
 c - 3 throwing nets
 j - 3 poisoned darts (quivered)
Armour
 a - a +0 leather armour (worn)
 b - a +0 helmet (worn)
 k - a +0 cloak (worn)
Jewellery
 i - an amulet of magic regeneration (around neck)
 n - a ring of ice
 r - a ring of protection from cold
Wands
 m - a wand of digging (4)
 o - a wand of polymorph (7)
Scrolls
 l - 2 scrolls of teleportation
 w - a scroll of magic mapping {unknown}
Potions
 d - 3 potions of curing
 e - 4 potions of berserk rage
 g - a potion of cancellation
 h - 4 potions of heal wounds {unknown}
 p - 2 potions of lignification {unknown}
 s - a potion of magic {unknown}
 t - 2 potions of haste {unknown}
 u - 2 potions of resistance {unknown}
 v - a potion of might {unknown}


   Skills:
 + Level 1.7 Fighting
 - Level 1.7 Throwing
 + Level 2.7 Dodging
 * Level 7.4 Unarmed Combat
 + Level 0.0 Spellcasting
 + Level 0.0 Air Magic
 + Level 0.0 Poison Magic


You had 3 spell levels left.
You knew the following spells:

 Your Spells              Type           Power      Damage    Failure   Level
a - Poisonous Vapours     Pois/Air       0%         N/A       56%         2

Your spell library contained the following spells:

 Spells                   Type           Power      Damage    Failure   Level
 Corpse Rot               Necr/Air       0%         N/A       56%         2


Dungeon Overview and Level Annotations

Branches:
Dungeon (5/15)            Ossuary (visited)
 Temple: D:4-7


Innate Abilities, Weirdness & Mutations

You have an increased reservoir of magic. (+10% MP)
You shall have no god before yourself.
Your divine heritage dramatically boosts your attributes as you level up.


Message History

You kill the adder!
You barely miss the ice beast.
The ice beast is lightly wounded.
The ice beast hits you but does no damage.
You hit the ice beast.
The ice beast is heavily wounded.
The ice beast misses you.
You barely miss the ice beast.
The ice beast is moderately wounded.
You hit the ice beast but do no damage.
The ice beast is moderately wounded.
The ice beast hits you.
* * * LOW HITPOINT WARNING * * *
The ice beast freezes you!
* * * LOW HITPOINT WARNING * * *
You barely miss the ice beast.
The ice beast is moderately wounded.
The ice beast hits you but does no damage.
You barely miss the ice beast.
The ice beast is moderately wounded.
The ice beast hits you but does no damage.
You hit the ice beast.
The ice beast is heavily wounded.
The ice beast misses you.
You hit the ice beast.
The ice beast is heavily wounded.
The ice beast hits you.
* * * LOW HITPOINT WARNING * * *
The ice beast freezes you!
* * * LOW HITPOINT WARNING * * *
You barely miss the ice beast.
The ice beast is heavily wounded.
The ice beast hits you.
* * * LOW HITPOINT WARNING * * *
The ice beast freezes you!
* * * LOW HITPOINT WARNING * * *
You hit the ice beast.
The ice beast is heavily wounded.
The ice beast hits you.
You die...

#............###.........#
#............# ###......##
#............#####......#
###.........>.............######
#.......####..............'[.)..
#.......# #.#######......####..
#.......####.# #......# #..
#............#######......# #..
#.............Y@..####+#### #..
(............#####.# #..
##...###+##### # #.. +... #..
#... #.. #... ### .... # .....
###### #.....


You could see an ice beast.

Vanquished Creatures
  A necrophage (D:4)
  A scorpion (D:4)
  A human zombie (Ossuary)
  A hound (D:5)
  A centaur zombie (Ossuary)
  An orc priest (D:3)
  2 iguanas (D:5)
  2 orc wizards (D:5)
  A hound skeleton (D:4)
  5 mummies (Ossuary)
  4 adders
  An adder skeleton (D:3)
  2 dart slugs
  A worm (D:5)
  5 orcs
  3 endoplasms
  4 giant cockroaches
  6 goblins
  4 hobgoblins
  7 kobolds
  2 quokkas
  8 ball pythons
  4 bats
  3 frilled lizards
  2 goblin zombies (Ossuary)
  A hobgoblin zombie (Ossuary)
  A kobold zombie (Ossuary)
  2 orc zombies (Ossuary)
  A rat (D:2)
77 creatures vanquished.

Notes
Turn   | Place    | Note
-------+----------+-------------------------------------------
     0 | D:1      | pkoi the Demigod Gladiator began the quest for the Orb.
     0 | D:1      | Reached XP level 1. HP: 17/17 MP: 3/3
   292 | D:1      | Reached skill level 3 in Unarmed Combat
   941 | D:2      | Reached XP level 2. HP: 24/24 MP: 4/4
  1762 | D:3      | Reached skill level 4 in Unarmed Combat
  1762 | D:3      | Reached XP level 3. HP: 29/29 MP: 5/5
  2146 | D:3      | Reached XP level 4. HP: 20/36 MP: 6/6
  2792 | D:3      | Reached skill level 5 in Unarmed Combat
  3417 | D:4      | Noticed a yak
  3514 | D:4      | Reached XP level 5. HP: 24/41 MP: 7/7
  3957 | D:4      | Noticed a necrophage
  3969 | D:4      | Killed a necrophage
  3970 | D:4      | Reached skill level 6 in Unarmed Combat
  4143 | D:4      | Noticed a yak
  4256 | D:4      | Noticed a yak
  4596 | D:4      | Noticed a yak
  4626 | D:5      | Entered Level 5 of the Dungeon
  4706 | D:5      | Learned a level 2 spell: Poisonous Vapours
  4887 | D:5      | Noticed Pikel
  4904 | D:5      | Reached XP level 6. HP: 36/48 MP: 8/8
  4911 | D:5      | Noticed Pikel
  4911 | D:5      | Pikel changed into Pikel the worm
  4916 | D:5      | Killed Pikel the worm
  5031 | D:5      | Found a sand-covered staircase.
  5039 | Ossuary  | Entered an ossuary
  5208 | Ossuary  | Reached skill level 7 in Unarmed Combat
  6015 | D:5      | HP: 1/48 [ice beast (9)]
  6016 | D:5      | Slain by an ice beast

Illustrated notes

Levels and vault maps discovered:
D:1:      wander_arrival_peaceful_grave, layout_basic
D:2:      layout_rooms, basic_altar, nicolae_concentric_dashed_squares_mild
D:3:      layout_basic, nicolae_wu_jian_immortal_techniques
D:4:      layout_basic, nicolae_ashenzari_panopticon
D:5:      layout_basic, nicolae_ru_sacrificial_ziggurat,
          nicolae_ossuary_entry_false_entrances, uniq_pikel

Skill      XL: |  1  2  3  4  5  6 |
---------------+-------------------+-----
Unarmed Combat | 3 4 5 6 7 |  7.4
Fighting       | |  1.7
Throwing       | |  1.7
Dodging        | |  2.7

Action                   |  1- 3 |  4- 6 || total
-------------------------+-------+-------++-------
Melee: Unarmed           |   121 |   203 ||   324
       Punch             |       |     5 ||     5
Throw: Dart              |       |     3 ||     3
Evoke: Wand              |       |     1 ||     1
  Use: Scroll            |     4 |     5 ||     9
       Potion            |       |     1 ||     1
 Stab: Sleeping          |     4 |     1 ||     5
Armor: Leather armour    |    36 |    51 ||    87
Dodge: Dodged            |    69 |   116 ||   185
